 Dungeon Crawl Stone Soup version 0.27-a0-1325-g58a489ad9e (webtiles) character file.

Game seed: 14732460615638465034

21 Snikeer the Caller (level 2, 0/20 HPs)
             Began as a Gnoll Summoner on June 24, 2021.
             Slain by an adder (5 damage)
             ... on level 2 of the Dungeon.
             The game lasted 00:02:58 (1472 turns).

Snikeer the Caller (Gnoll Summoner)                 Turns: 1472, Time: 00:02:59

Health: 0/20       AC:  2    Str:  7    XL:     2   Next: 87%
Magic:  1/7        EV: 13    Int: 14    God:
Gold:   42         SH:  0    Dex: 12    Spells: 9/10 levels left

rFire    . . .     SeeInvis .   c - +0 spear
rCold    . . .     Faith    .   (no shield)
rNeg     . . .     Spirit   .   a - +0 robe
rPois    .         Reflect  .   (no helmet)
rElec    .         Harm     .   (no cloak)
rCorr    .         Rampage  .   (no gloves)
Will     .....                  (no boots)
Stlth    ++........             (no amulet)
HPRegen  0.06/turn              (no ring)
MPRegen  0.10/turn              (no ring)

@: no status effects
A: fangs 1, strong nose, distributed training
a: no special abilities


You were on level 2 of the Dungeon.
You visited 1 branch of the dungeon, and saw 2 of its levels.

You collected 42 gold pieces.

Inventory:

Hand Weapons
 c - a +0 spear (weapon)
   (You found it on level 1 of the Dungeon)
Missiles
 f - 3 atropa-tipped darts
Armour
 a - a +0 robe (worn)
Potions
 b - a potion of invisibility {unknown}
 d - a potion of attraction {unknown}
 e - a potion of might {unknown}


   Skills:
 + Level 0.5 Fighting
 + Level 0.5 Short Blades
 + Level 0.5 Long Blades
 + Level 0.5 Axes
 + Level 0.5 Maces & Flails
 + Level 0.5 Polearms
 + Level 0.5 Staves
 + Level 0.5 Slings
 + Level 0.5 Bows
 + Level 0.5 Crossbows
 + Level 0.5 Throwing
 + Level 0.5 Armour
 + Level 4.5 Dodging
 + Level 4.1 Stealth
 + Level 0.5 Shields
 + Level 0.5 Unarmed Combat
 + Level 4.9 Spellcasting
 + Level 0.4 Conjurations
 + Level 0.4 Hexes
 + Level 7.0 Summonings
 + Level 0.4 Necromancy
 + Level 0.4 Translocations
 + Level 0.4 Transmutations
 + Level 0.4 Fire Magic
 + Level 0.4 Ice Magic
 + Level 0.4 Air Magic
 + Level 0.4 Earth Magic
 + Level 0.4 Poison Magic
 + Level 0.7 Invocations
 + Level 0.5 Evocations


You had 9 spell levels left.
You knew the following spells:

 Your Spells              Type           Power      Damage    Failure   Level
a - Summon Small Mammal   Summ           92%        N/A       1%          1

Your spell library contained the following spells:

 Spells                   Type           Power      Damage    Failure   Level
 Call Imp                 Summ           23%        N/A       1%          2
 Call Canine Familiar     Summ           23%        N/A       2%          3
 Summon Guardian Golem    Hex/Summ       13%        N/A       12%         3
 Summon Ice Beast         Ice/Summ       13%        N/A       36%         4
 Summon Lightning Spire   Summ/Air       13%        N/A       36%         4


Dungeon Overview and Level Annotations

Branches:
Dungeon (2/15)

Altars:


Innate Abilities, Weirdness & Mutations

You have very sharp teeth.
Your uncanny sense of smell can sniff out nearby items.
Your experience applies equally to all skills.


Message History

You swap places.
The adder barely misses your quokka.
Your quokka closely misses the adder.
You reach to attack!
You hit the adder. The adder closely misses your quokka.
Your quokka bites the adder.
You could not reach far enough!
The adder bites your quokka but does no damage.
Your quokka closely misses the adder.
The adder bites your quokka.
Your quokka closely misses the adder.
You could not reach far enough!
The adder bites your quokka.
Your quokka's corpse disappears in a puff of smoke!
You reach to attack!
You hit the adder. The adder barely misses you.
You swap places.
Your bat closely misses the adder.
Your bat barely misses the adder.
The adder misses your bat.
You reach to attack!
You hit the adder.
No target in view!
HP restored.
Magic restored.
You see here an adder corpse.
There is a stone staircase leading up here.
You open the door.
An adder comes into view.
Found a club.
Found a faded altar of an unknown god.
Health restored: 20; MP restored: 7 An adder is nearby!
An adder is nearby!
Casting: Summon Small Mammal (safe; 1% risk of failure)
Confirm with . or Enter, or press ? or * to list all spells.
You now have 6/7 mp.
The adder barely misses you.
Your rat bites the adder.
The adder bites you.
You take 4 damage, and have 16/20 hp.
Casting: Summon Small Mammal (safe; 1% risk of failure)
Confirm with . or Enter, or press ? or * to list all spells.
The adder closely misses you.
Your rat bites the adder.
You now have 5/7 mp.
Casting: Summon Small Mammal (safe; 1% risk of failure)
Confirm with . or Enter, or press ? or * to list all spells.
The adder barely misses you.
Your rat closely misses the adder. x2
You now have 4/7 mp.
The adder bites you.
You are poisoned.
The adder poisons you!
Your rat bites the adder but does no damage.
You take 3 damage, and have 13/20 hp.
You swap places.
You feel sick. The adder bites your rat.
Your rat's corpse disappears in a puff of smoke!
Your rat barely misses the adder.
Your rat closely misses the adder.
You take 2 damage, and have 11/20 hp.
You feel sick.
You take 1 damage, and have 10/20 hp.
Casting: Summon Small Mammal (safe; 1% risk of failure)
Confirm with . or Enter, or press ? or * to list all spells.
You feel sick. The adder barely misses you. The adder misses you.
You take 1 damage, and have 9/20 hp.
You swap places.
You feel sick.
Your bat barely misses the adder.
The adder barely misses your bat.
Your bat closely misses the adder.
You take 1 damage, and have 8/20 hp.
You feel sick.
Your bat misses the adder.
You take 1 damage, and have 7/20 hp.
You feel sick.
You are no longer poisoned.
The adder barely misses you.
You take 1 damage, and have 6/20 hp.
Your bat hits the adder.
Your bat closely misses the adder.
Your bat barely misses the adder.
Your bat hits the adder. The adder closely misses you.
The adder closely misses you.
You see here an adder corpse.
Casting: Summon Small Mammal (safe; 1% risk of failure)
Confirm with . or Enter, or press ? or * to list all spells.
Your bat barely misses the adder.
The adder bites you.
* * * LOW HITPOINT WARNING * * *
You take 2 damage, and have 4/20 hp.
You now have 3/7 mp.
Casting: Summon Small Mammal (safe; 1% risk of failure)
Confirm with . or Enter, or press ? or * to list all spells.
Your bat hits the adder.
Your bat barely misses the adder.
The adder bites your bat.
Your bat is poisoned.
The adder poisons your bat!
Your rat barely misses the adder.
You now have 2/7 mp.
Casting: Summon Small Mammal (safe; 1% risk of failure)
Confirm with . or Enter, or press ? or * to list all spells.
Your bat disappears in a puff of smoke!
The adder bites your rat.
Your rat's corpse disappears in a puff of smoke!
The adder bites your rat.
Your rat's corpse disappears in a puff of smoke!
Your bat misses the adder. The adder misses your bat.
You swap places.
Your bat closely misses the adder.
The adder bites your bat.
Your bat's corpse disappears in a puff of smoke!
Your quokka barely misses the adder.
Your quokka misses the adder.
Casting: Summon Small Mammal (safe; 1% risk of failure)
Confirm with . or Enter, or press ? or * to list all spells.
The adder closely misses you.
Your quokka barely misses the adder.
You now have 1/7 mp.
Your quokka closely misses the adder.
Your quokka barely misses the adder.
The adder bites you.
You die...

#'# #.#
#.##########
###...r##..†.#
#....#r##.##.#
#.##.#.##.##.#
#...<#b.r.##.#
###.########r#
#.......@Sr#
############


You could see an adder (ally target) and 2 friendly quokkas.

Vanquished Creatures
  An adder (D:2)
  A ball python (D:2)
  A goblin (D:1)
  2 kobolds
5 creatures vanquished.

Vanquished Creatures (collateral kills)
  2 dart slugs
  A ball python (D:1)
  5 endoplasms (D:1)
  A hobgoblin (D:2)
  A frilled lizard (D:1)
  A kobold (D:1)
11 creatures vanquished.

Vanquished Creatures (others)
  A plant (D:1)
1 creature vanquished.

Grand Total: 17 creatures vanquished

Notes
Turn   | Place    | Note
-------+----------+-------------------------------------------
     0 | D:1      | Snikeer the Gnoll Summoner began the quest for the Orb.
     0 | D:1      | Reached XP level 1. HP: 13/13 MP: 6/6
   764 | D:1      | Reached XP level 2. HP: 19/19 MP: 5/7
  1442 | D:2      | Found a faded altar of an unknown god.
  1462 | D:2      | HP: 4/20 [adder (2)]
  1472 | D:2      | Slain by an adder

Illustrated notes

Levels and vault maps discovered:
D:1:      nagdon_arrival_zigzag_paths, layout_basic
D:2:      layout_basic, basic_altar, ebering_ecumenical_altar_rust

Action                   || total
-------------------------++-------
Melee: Spear             ||    24
       Unarmed           ||     6
       Bite              ||     2
 Cast: Summon Small Mamm ||    33
 Stab: Sleeping          ||     1
Dodge: Dodged            ||    17

Table legend: (Time is in decaauts)
 A = Elapsed time spent in this place.
 B = Non-inter-level travel time spent in this place.
 C = Inter-level travel time spent in this place.
 D = Time resting spent in this place.
 E = Time spent auto-exploring this place.
 F = Levels seen in this place.
 G = Mean time per level.
                   A        B        C        D        E       F      G
               +--------+--------+--------+--------+--------+-----+--------+
         Total |   1475 |   1364 |    111 |      0 |   1158 |   2 |  737.5 |
       Dungeon |   1475 |   1364 |    111 |      0 |   1158 |   2 |  737.5 |
               +--------+--------+--------+--------+--------+-----+--------+

Top non-repeatable levels by time:
     D:1: 1200 daAuts
     D:2: 275 daAuts

Table legend:
 A = Kills in this place as a percentage of kills in entire the game.
 B = Kills by you in this place as a percentage of kills by you in the entire game.
 C = Kills by friends in this place as a percentage of kills by friends in the entire game.
 D = Other kills in this place as a percentage of other kills in the entire game.
 E = Experience gained in this place as a percentage of experience gained in the entire game.
 F = Experience gained in this place divided by the number of levels of this place that you have seen.
                   A       B       C       D       E      F
               +-------+-------+-------+-------+-------+----------------------
         Total | 100.0 | 100.0 | 100.0 |   N/A | 100.0 |  15.5
       Dungeon | 100.0 | 100.0 | 100.0 |   N/A | 100.0 |  15.5
               +-------+-------+-------+-------+-------+----------------------
